[Event "Allsvenskan Div II 5 2023/2024: SS Manhem IV - Gotaverken-Lundby SK"]
[Site "Goteborgs schackcentrum, Vegatan 20, Gothenburg, Sweden"]
[Date "2023.10.22"]
[Round "1.1"]
[White "Sjolander, Anders"]
[Black "Ottgard, Andreas"]
[Result "1/2-1/2"]
[TimeControl "90 minutes for 40 moves + 30 minutes for the rest of the game + 30 seconds per move from move one."]
[WhiteFideId "1711903"]
[BlackFideId "1730592"]
[WhiteElo "1964"]
[BlackElo "1876"]

1. d4 Nf6 2. Bg5 c5 3. d5 Qb6 4. Nc3 Qxb2 5. Bd2 Qb6 6. e4 d6 7. f4 e6 8. Rb1 Qd8 9. Bb5+ Bd7 10.
dxe6 fxe6 11. e5 dxe5 12. fxe5 Nd5 13. Qg4 Nxc3 14. Bxc3 Bxb5 15. Qxe6+ Qe7 16. Qc8+ Qd8 17. Qe6+ Qe7 18.
Qc8+ Qd8 19. Qxd8+ Kxd8 20. Rxb5 b6 21.
Nh3 Be7 1/2-1/2

[Event "Allsvenskan Div II 5 2023/2024: SS Manhem IV - Gotaverken-Lundby SK"]
[Site "Goteborgs schackcentrum, Vegatan 20, Gothenburg, Sweden"]
[Date "2023.10.22"]
[Round "1.2"]
[White "Torkkeli, Ted"]
[Black "Persson, Lars"]
[Result "1-0"]
[TimeControl "90 minutes for 40 moves + 30 minutes for the rest of the game + 30 seconds per move from move one."]
[WhiteFideId "1737724"]
[BlackFideId "1738909"]
[WhiteElo "1777"]
[BlackElo "1797"]

1. e4 e6 2. d4 d5 3. Nd2 Nf6 4. Bd3 c5 5. c3 Nc6 6. e5 Nd7 7. Ne2 cxd4 8. cxd4 f5 9. exf6 Nxf6 10. O-O Bd6 11. Nf3 O-O 12. Bg5 Bd7 13. Ng3 h6 14.
Bxf6 Qxf6 15. Rc1 e5 16. dxe5 Nxe5 17. Nxe5 Bxe5 18. b3 Bxg3 19. hxg3 Rac8 20. Bc2 Qd6 21. Qd4 b6 22. Rfd1 Bf5 23.
Bxf5 Rxc1 24. Rxc1 Rxf5 25. Rd1 Qc5 26. g4 Qxd4 27. Rxd4 Re5 28. Kf1 Kf7 29. f4 Re4 30. Rxe4 dxe4 31.
Ke2 Ke6 32. Ke3 Kd5 33. a4 a5 34. g3 g6 35. f5 Ke5 36. fxg6 Kf6 37. g7 Kxg7 38. Kxe4 Kf6 39. Kd5 Kg5 40.
Kc6 Kxg4 41. Kxb6 Kxg3 42. Kxa5 h5 43. b4 h4 44. b5 h3 45. b6 h2 46. b7 h1=Q 47. b8=Q+ Kg4 48. Qg8+ Kf4 49.
Qc4+ Ke5 50. Kb6 Kd6 51. Qc7 1-0

[Event "Allsvenskan Div II 5 2023/2024: SS Manhem IV - Gotaverken-Lundby SK"]
[Site "Goteborgs schackcentrum, Vegatan 20, Gothenburg, Sweden"]
[Date "2023.10.22"]
[Round "1.3"]
[White "Andersson, Stig"]
[Black "Tobiasson, Bjorn"]
[Result "1/2-1/2"]
[TimeControl "90 minutes for 40 moves + 30 minutes for the rest of the game + 30 seconds per move from move one."]
[WhiteFideId "1731971"]
[BlackFideId "1773682"]
[WhiteElo "1772"]
[BlackElo "1802"]

1. e4 c6 2. g3 d5 3. Bg2 dxe4 4. Bxe4 Nf6 5. Bg2 Bg4 6. Ne2 e5 7. d3 Bc5 8. O-O Nbd7 9. Qe1 Qc7 10.
Nd2 O-O 11. Nc4 Nd5 12. Nc3 Nb4 13. Qd2 Nf6 14. Ne3 Be6 15. a3 Nbd5 16. Ne4 Nxe4 17. dxe4 Nxe3 18. fxe3 Rad8 19. Qc3 Bb6 20.
b3 Rd7 21. Bb2 f6 22. Bf3 Rfd8 23. Rfd1 Rxd1+ 24. Rxd1 Rxd1+ 25. Bxd1 Qd6 26. Be2 Qc5 27. Kf2 Qxc3 28. Bxc3 Kf7 29.
a4 a6 30. Bb4 Bd8 31. Kf3 Be7 32. Bd2 Ba3 33. c4 Ke7 34. g4 Kd6 35. h4 h6 36. Kf2 Kc5 37. Bd1 Bb4 38. Bc1 b5 39.
axb5 cxb5 40. cxb5 axb5 41. Bb2 Bd2 42. Ba3+ b4 43. Bb2 Bc3 44. Bc1 Kd6 45. h5 Ke7 46. Kf3 Kf7 47. Bc2 g6 48.
Kg3 Kg7 49. Kf3 Bf7 50. hxg6 Kxg6 51. Bd1 Kg5 52. Kg3 Be6 53. Bc2 Bxg4 54. Bd3 h5 55. Bc4 h4+ 56. Kf2 Bd7 57. Kf3 h3 58.
Kg3 Be1+ 59. Kh2 Kh4 60. Be2 Bg4 61. Bf1 Bg3+ 62. Kg1 h2+ 63. Kh1 Bf3+ 64. Bg2 Bd1 65. Bd2 Bxb3 66. Bxb4 Bd1 67.
Be7 Kg5 68. Bd8 Bf2 69. Kxh2 Bxe3 70. Kg3 Bf4+ 71. Kf2 Bc2 72. Kf3 Kg6 73. Bh3 Bd1+ 74. Kf2 Bg5 75. Bf5+ Kf7 76. Ba5 Bh5 77.
Bb4 Bg6 78. Bxg6+ Kxg6 79. Kf3 f5 80. Bc3 Bf4 81. Bxe5 Bxe5 82. exf5+ Kxf5 83. Kg3 1/2-1/2

[Event "Allsvenskan Div II 5 2023/2024: SS Manhem IV - Gotaverken-Lundby SK"]
[Site "Goteborgs schackcentrum, Vegatan 20, Gothenburg, Sweden"]
[Date "2023.10.22"]
[Round "1.4"]
[White "Kosmidis, Thomas"]
[Black "Wiklund, Robert"]
[Result "0-1"]
[TimeControl "90 minutes for 40 moves + 30 minutes for the rest of the game + 30 seconds per move from move one."]
[WhiteFideId "1753380"]
[BlackFideId "1709461"]
[WhiteElo "1729"]
[BlackElo "1783"]

1. d4 d5 2. c4 e6 3. Nc3 c5 4. e3 Nf6 5. cxd5 Nxd5 6. Nf3 Nc6 7. a3 cxd4 8. Nxd4 Nxc3 9. bxc3 Be7 10. Be2 O-O 11. Nxc6 Qxd1+ 12. Bxd1 bxc6 13. Be2 Bf6 14.
Bd2 Rb8 15. Bf3 c5 16. O-O Rd8 17. Rfd1 g5 18. e4 Rb2 19. Be3 Rxd1+ 20. Rxd1 Be7 21. h3 Kg7 22. c4 a5 23. Bd2 Rc2 24.
Bxa5 Rxc4 25. Bd8 Bxd8 26. Rxd8 Bb7 27. Rd7 Bxe4 28. Bxe4 Rxe4 29. Rc7 Re1+ 30. Kh2 Rc1 31. a4 h5 32. g4 h4 33. a5 Kf6 34.
a6 Ra1 35. Rxc5 Rxa6 36. Kg2 Ra4 37. Rc2 Ke5 38. Rc5+ Kf4 39. Rc3 f5 40. Rf3+ Ke5 41. gxf5 exf5 42. Rb3 Re4 43. Kf3 g4+ 44.
hxg4 fxg4+ 45. Kg2 Kf4 46. Rb8 h3+ 47. Kf1 Ra4 48. Rf8+ Ke4 49. Re8+ Kf3 50. Re3+ Kf4 51. Re8 Ra1+ 52.
Ke2 h2 0-1

[Event "Allsvenskan Div II 5 2023/2024: SS Manhem IV - Gotaverken-Lundby SK"]
[Site "Goteborgs schackcentrum, Vegatan 20, Gothenburg, Sweden"]
[Date "2023.10.22"]
[Round "1.5"]
[White "Liljegren, Ake"]
[Black "Mellbin, Bo-Goran"]
[Result "0-1"]
[TimeControl "90 minutes for 40 moves + 30 minutes for the rest of the game + 30 seconds per move from move one."]
[WhiteFideId "1732005"]
[BlackFideId "1717952"]
[WhiteElo "1700"]
[BlackElo "1628"]

1. e4 c5 2. Nf3 Nc6 3. Bc4 e6 4. c3 Na5 5. Bb5 a6 6. Ba4 b5 7. Bc2 Be7 8. O-O d6 9. d4 Bb7 10.
Bd3 c4 11. Bc2 Nf6 12. Re1 O-O 13. h3 h6 14. Nh2 e5 15. Nd2 Nh7 16. Ndf1 Bg5 17. Ng4 Bxc1 18. Rxc1 Bc8 19. Nfe3 h5 20. Nh2 g6 21. Nf3 Ng5 22.
Nd5 Ra7 23. Re3 Nxf3+ 24. Rxf3 f6 25. Rg3 Rg7 26. Qe2 h4 27. Re3 Nc6 28. Rd1 f5 29. exf5 gxf5 30. dxe5 dxe5 31. f4 e4 32.
Qh5 Be6 33. Nb4 Qb6 34. Rde1 Nxb4 35.
cxb4 Qd8 36. Rd1 Qe7 37. a3 Rh7 38. Qe2 Rg7 39. Bxe4 fxe4 40. Rxe4 Qa7+ 41. Kh2 Bf5 42. Re5 Bd3 43.
Qh5 Qf2 44. Qf3 Qxf3 45. gxf3 Rxf4 46. Re8+ Kh7 47. Rde1 Rxf3 48. R1e5 Bf5 49. Ra8 Rxh3# 0-1